 Dungeon Crawl Stone Soup version 0.25-a0-829-g4e6a552 (webtiles) character file.

Game seed: 15634608984023630910, levelgen mode: deterministic

1511 Faca the Fighter (level 8, -6/68 HPs)
             Began as a Mummy Fighter on Apr 21, 2020.
             Was an Initiate of Gozag.
             Killed by divine providence
             ... invoked by an orc priest
              (16 damage)
             ... on level 7 of the Dungeon.
             The game lasted 00:11:15 (6573 turns).

Faca the Fighter (Mummy Fighter)                    Turns: 6573, Time: 00:11:15

Health: -6/68      AC:  8    Str: 21    XL:     8   Next: 53%
Magic:  17/17      EV:  7    Int:  7    God:    Gozag
Gold:   613        SH:  9    Dex: 19    Spells: 7/7 levels left

rFire    x . .     SeeInvis +   a - +1 flail
rCold    + . .     Gourm    .   c - +0 kite shield
rNeg     + + +     Faith    .   b - +0 scale mail
rPois    ∞         Spirit   .   d - +1 helmet
rElec    .         Reflect  .   m - -4 cloak of Upuarol {*Contam rCorr MP+9 Stlth+} (curse)
rCorr    +         Harm     .   k - +2 pair of gloves
MR       +....                  (no boots)
Stlth    +.........             (no amulet)
HPRegen  0.21/turn              j - +3 ring of dexterity
MPRegen  0.15/turn              n - ring "Xorchock" {Wiz Dex+4 SInv}

@: gold aura
A: no food or potions, fire vulnerability, cold resistance 1, negative energy
resistance 3, torment resistance, unbreathing
a: Potion Petition, Call Merchant, Bribe Branch, Renounce Religion


You were on level 7 of the Dungeon.
You worshipped Gozag.
Gozag was pleased with you.
You were not hungry.

You visited 1 branch of the dungeon, and saw 7 of its levels.
You also visited: Ossuary.

You collected 714 gold pieces.
You spent 49 gold pieces at shops.
You paid 52 gold pieces to Gozag.

Inventory:

Hand Weapons
 a - a +1 flail (weapon)
Missiles
 l - a boomerang (quivered)
Armour
 b - a +0 scale mail (worn)
 c - a +0 kite shield (worn)
 d - a +1 helmet (worn)
 g - a cursed +0 crystal plate armour
 k - a +2 pair of gloves (worn)
 m - the cursed -4 cloak of Upuarol (worn) {*Contam rCorr MP+9 Stlth+}
   (You found it on level 5 of the Dungeon)

   It affects your magic capacity (+9).
   It causes magical contamination when unequipped.
   It provides partial protection from all sources of acid and corrosion.
   It makes you more stealthy.
   It has a curse placed upon it.
Jewellery
 i - the ring of Moshraxt {+Fly rC+}
   (You found it on level 7 of the Dungeon)

   [ring of flight]

   It protects you from cold.
   It lets you fly.
 j - a +3 ring of dexterity (left hand)
 n - the ring "Xorchock" (right hand) {Wiz Dex+4 SInv}
   (You found it on level 7 of the Dungeon)

   [ring of wizardry]

   It improves your spell success rate.
   It affects your dexterity (+4).
   It lets you see invisible.
Wands
 e - a wand of random effects (15)
Scrolls
 f - 4 scrolls of identify
 h - 2 scrolls of enchant weapon


   Skills:
 + Level 8.2 Fighting
 + Level 6.5 Maces & Flails
 - Level 2.4 Armour
 - Level 2.4 Shields


You had 7 spell levels left.
You didn't know any spells.
Your spell library was empty.

Dungeon Overview and Level Annotations

Branches:
Dungeon (7/15)             Temple (0/1) D:5         Ossuary (visited)

Altars:
Dithmenos
Fedhas
Gozag
Kikubaaqudgha
Makhleb
Nemelex Xobeh
Uskayaw
Wu Jian

Shops:
D:4 ??}*%   D:6 [

Annotations:
D:5 3 runed translucent doors, drock42's ghost, novice DrAE


Innate Abilities, Weirdness & Mutations

You do not eat or drink.
Your flesh is vulnerable to fire.
You are immune to poison.
Your flesh is cold resistant. (rC+)
You are immune to negative energy. (rN+++)
You are immune to unholy pain and torment.
You can survive without breathing.


Message History

Beogh smites you!
* * * LOW HITPOINT WARNING * * *
The orc priest hits you but does no damage.
The big kobold barely misses you.
You are too injured to fight recklessly!
The orc priest mumbles some strange prayers to Beogh against you.
Beogh smites you!
* * * LOW HITPOINT WARNING * * *
You block the big kobold's attack.
You see here 11 gold pieces.
Okay, then.
Okay, then.
You see here a stone.
The orc priest becomes distracted by the nearby gold, dreaming of imaginary riches.
The orc priest is no longer distracted by gold.
The big kobold becomes distracted by the nearby gold, dreaming of imaginary riches.
The orc priest mumbles some strange prayers to Beogh against you.
Beogh smites you!
You die...
Your body crumbles into a pile of gold.

# #.....#....### # #
#.....#.....<#.#
#####.....#......#.#
....#...###........#
###.#.#####..#...###
...................#
###+#.#########..#.#
...# #.......#.#
..=..#
#.#####@#.####.#
......# #...#....#
......# ##..#....#
......# #K.#....#
......# #o(#....#
#.o#o...# ##(#....#
#.#.$..# #.$....##


You could see a big kobold (unaware) and 2 orc priests.

Vanquished Creatures
  Prince Ribbit (D:7)
  An ice beast (D:5)
  An ogre (D:2)
  2 centaurs
  Blork the orc (D:5)
  An elf zombie (Ossuary)
  2 bullfrogs (D:7)
  A howler monkey (D:4)
  A crimson imp (D:5)
  A centaur zombie (D:7)
  A centaur skeleton (D:4)
  3 hounds
  2 human zombies (Ossuary)
  A jelly (D:7)
  2 orc priests
  An orc wizard (D:5)
  Natasha (twice) (D:4)
  A worker ant (D:7)
  A big kobold zombie (Ossuary)
  2 mummies (Ossuary)
  A worker ant zombie (D:6)
  3 gnolls (D:6)
  5 adders
  A shadow imp (D:6)
  An adder skeleton (D:6)
  An adder zombie (Ossuary)
  A worm (D:2)
  2 dart slugs
  A leopard gecko (D:6)
  9 orcs
  4 ball pythons
  5 giant cockroaches
  6 goblins
  13 hobgoblins
  4 jackals
  9 bats
  2 frilled lizards (D:2)
  A goblin zombie (Ossuary)
  12 hobgoblin zombies (Ossuary)
  2 jackal zombies (Ossuary)
  11 kobolds
  3 kobold zombies (Ossuary)
  11 orc zombies (Ossuary)
  6 rats
  2 rat zombies (Ossuary)
144 creatures vanquished.

Notes
Turn   | Place    | Note
-------+----------+-------------------------------------------
     0 | D:1      | Faca the Mummy Fighter began the quest for the Orb.
     0 | D:1      | Reached XP level 1. HP: 18/18 MP: 1/1
   147 | D:1      | Reached XP level 2. HP: 12/24 MP: 2/2
  1179 | D:2      | Found a hide-covered altar of Uskayaw.
  1185 | D:2      | Found a burning altar of Makhleb.
  1317 | D:2      | Noticed an ogre
  1328 | D:2      | Killed an ogre
  1328 | D:2      | Reached skill level 4 in Fighting
  1328 | D:2      | Reached XP level 3. HP: 19/31 MP: 3/3
  1328 | D:2      | Reached XP level 4. HP: 23/38 MP: 4/4
  1511 | D:2      | Found a blossoming altar of Fedhas.
  1608 | D:2      | Reached XP level 5. HP: 41/43 MP: 5/5
  2329 | D:3      | Found a shadowy altar of Dithmenos.
  2342 | D:3      | Found an ornate altar of the Wu Jian Council.
  2682 | D:4      | Noticed Natasha
  2687 | D:4      | Killed Natasha
  2687 | D:4      | Reached skill level 5 in Fighting
  2699 | D:4      | Noticed a centaur
  2707 | D:4      | Killed a centaur
  2707 | D:4      | Reached XP level 6. HP: 19/51 MP: 6/6
  3071 | D:4      | Found Jamnuuw's Magic Scroll Emporium.
  3079 | D:4      | Found an opulent altar of Gozag.
  3083 | D:4      | Found an ancient bone altar of Kikubaaqudgha.
  3096 | D:4      | Became a worshipper of Gozag Ym Sagoz the Greedy
  3113 | D:4      | Found Foypet's Magic Scroll Boutique.
  3150 | D:4      | Found Qilath's Gadget Boutique.
  3174 | D:4      | Found Acom's General Store.
  3210 | D:4      | Bought a cursed ring of attention for 49 gold pieces
  3237 | D:4      | Found a sparkling altar of Nemelex Xobeh.
  3384 | D:4      | Found Vauhulic's Food Emporium.
  3577 | D:4      | Noticed Natasha
  3590 | D:4      | Killed Natasha
  3854 | D:5      | Entered Level 5 of the Dungeon
  3892 | D:5      | Reached skill level 6 in Fighting
  3892 | D:5      | Reached XP level 7. HP: 58/58 MP: 7/7
  4293 | D:5      | Reached skill level 5 in Maces & Flails
  4433 | D:5      | Found a runed translucent gate.
  4433 | D:5      | Noticed drock42's ghost (novice DrAE)
  4434 | D:5      | Found a runed translucent gate.
  4434 | D:5      | Found a runed translucent gate.
  4454 | D:5      | Got a shimmering cloak
  4460 | D:5      | Identified the cursed -4 cloak of Upuarol {*Contam rCorr
                  | MP+9 Stlth+} (You found it on level 5 of the Dungeon)
  4468 | D:5      | Found a staircase to the Ecumenical Temple.
  4475 | D:5      | Noticed Blork the orc
  4481 | D:5      | Killed Blork the orc
  5251 | D:6      | Found a sand-covered staircase.
  5255 | D:6      | Reached skill level 7 in Fighting
  5286 | Ossuary  | Entered an ossuary
  5576 | Ossuary  | Reached XP level 8. HP: 54/67 MP: 8/8
  6119 | D:6      | Found Vaklimol's Armour Shoppe.
  6341 | D:7      | Noticed Prince Ribbit
  6357 | D:7      | Killed Prince Ribbit
  6475 | D:7      | Got a flickering turquoise ring
  6480 | D:7      | Got a crude pewter ring
  6481 | D:7      | Identified the ring "Xorchock" {Wiz Dex+4 SInv} (You found
                  | it on level 7 of the Dungeon)
  6482 | D:7      | Identified the ring of Moshraxt {+Fly rC+} (You found it on
                  | level 7 of the Dungeon)
  6524 | D:7      | Reached skill level 8 in Fighting
  6573 | D:7      | Killed from afar by an orc priest

Levels and vault maps discovered:
D:1:      nzn_arrival_crosshair, layout_basic
D:2:      layout_basic, fedhas_ov_isle_minmay, nicolae_overflow_hidden_temple
D:3:      layout_loops_cross, grunt_dithmenos_smoke_and_mirrors,
          old_standard_altar, minmay_cupped
D:4:      layout_basic, chequers_temple_overflow_statue_of_worship,
          nemelex_xobeh_ov_fountains_minmay, first_ration, serial_shops, shop,
          shop, nicolae_shop_crystal, nicolae_shop_waterfront,
          nicolae_shop_behind_doors, st_stairs_9, uniq_natasha
D:5:      layout_rooms, minmay_temple_entry_glassed_door, gammafunk_ghost_split,
          uniq_blork_the_orc
D:6:      layout_cave_pods, chequers_ossuary_entry_cave, serial_shops, shop
D:7:      layout_basic, marbit_many_paths, lightli_temple_of_fire,
          uniq_prince_ribbit1

Skill      XL: |  1  2  3  4  5  6  7  8 |
---------------+-------------------------+-----
Maces & Flails | 3 4 5 6 |  6.5
Fighting       | 4 5 6 7 8 |  8.2
Armour         | |  2.4
Shields        | |  2.4

Action                   |  1- 3 |  4- 6 |  7- 9 || total
-------------------------+-------+-------+-------++-------
Melee: Flail             |    90 |   224 |   231 ||   545
Evoke: Wand              |     3 |     1 |       ||     4
  Use: Scroll            |       |     5 |     6 ||    11
 Stab: Distracted        |       |       |     2 ||     2
       Sleeping          |       |       |     1 ||     1
Armor: Scale mail        |    50 |   127 |    87 ||   264
Dodge: Dodged            |    24 |    70 |    61 ||   155
Block: Kite shield       |    48 |   110 |   121 ||   279

Table legend:
 A = Non-vault XP
 B = Vault XP
 C = Vault XP percentage of total XP
 D = Non-vault monster count
 E = Vault monster count
 F = Vault count percentage of total count
                 A         B        C        D         E       F
            +---------+---------+-------+---------+---------+-------
      Total |    1428 |     731 |  33.9 |      98 |      46 |  31.9
            +---------+---------+-------+---------+---------+-------
        D:1 |      26 |       0 |   0.0 |      16 |       0 |   0.0
        D:2 |     215 |       0 |   0.0 |      32 |       0 |   0.0
        D:3 |     119 |       6 |   4.8 |      14 |       3 |  17.6
        D:4 |     255 |      89 |  25.9 |      10 |       3 |  23.1
        D:5 |     259 |      99 |  27.7 |       6 |       1 |  14.3
        D:6 |     208 |       0 |   0.0 |       9 |       0 |   0.0
        D:7 |     346 |     259 |  42.8 |      11 |       1 |   8.3
    Ossuary |       0 |     278 | 100.0 |       0 |      38 | 100.0
            +---------+---------+-------+---------+---------+-------
